 Dungeon Crawl Stone Soup version 0.23-a0-677-g07611c5 (console) character file.

6 Duffy the Firebug (level 1, 0/13 HPs)
             Began as a Demonspawn Fire Elementalist on Jan 9, 2019.
             Slain by a hobgoblin
             ... wielding a +0 club
              (4 damage)
             ... on level 2 of the Dungeon.
             The game lasted 00:00:16 (280 turns).

Duffy the Firebug (Demonspawn Fire Elementalist)     Turns: 280, Time: 00:00:17

Health: 0/13       AC:  2    Str:  8    XL:     1   Next: 75%
Magic:  0/3        EV: 12    Int: 16    God:
Gold:   13         SH:  0    Dex: 13    Spells: 3/4 levels left

rFire    . . .     SeeInvis .   (no weapon)
rCold    . . .     Gourm    .   (no shield)
rNeg     . . .     Faith    .   a - +0 robe
rPois    .         Spirit   .   (no helmet)
rElec    .         Reflect  .   (no cloak)
rCorr    .         Harm     +   (no gloves)
MR       .....                  (no boots)
Stlth    ++........             e - amulet of harm
HPRegen  0.04/turn              (no ring)
MPRegen  0.08/turn              (no ring)

@: no status effects
A: no striking features
a: no special abilities


You were on level 2 of the Dungeon.
You were not hungry.

You visited 1 branch of the dungeon, and saw 2 of its levels.

You collected 13 gold pieces.

Inventory:

Missiles
 d - a tomahawk (quivered)
Armour
 a - a +0 robe (worn)
Jewellery
 e - an amulet of harm (around neck)
Scrolls
 b - 3 scrolls of fear {unknown}
 f - a scroll of teleportation {unknown}
Comestibles
 c - a ration


   Skills:
 - Level 1.7 Dodging
 - Level 1.7 Stealth
 - Level 2.0 Spellcasting
 + Level 1.9 Conjurations
 - Level 2.6 Fire Magic


You had 3 spell levels left.
You knew the following spells:

 Your Spells              Type           Power        Failure   Level  Hunger
h - Flame Tongue          Conj/Fire      #....        9%          1    #......

Your spell library contained the following spells:

 Spells                   Type           Power        Failure   Level  Hunger
 Throw Flame              Conj/Fire      #.....       12%         2    ###....
 Conjure Flame            Conj/Fire      #.......     24%         3    ###....
 Inner Flame              Hex/Fire       #.......     34%         3    ###....
 Sticky Flame             Conj/Fire      #.......     63%         4    #####..
 Fireball                 Conj/Fire      #.........   92%         5    ######.


Dungeon Overview and Level Annotations

Branches:
Dungeon (2/15)

Altars:


Message History

Press: ? - help, Shift-Dir - straight line, f/p - hobgoblin
Aim: a hobgoblin, wielding a +0 club (almost dead)
You throw a tomahawk.
The tomahawk closely misses the hobgoblin.
The tomahawk closely misses the bat.
The hobgoblin barely misses you.
Throwing (i - inventory)
d - 3 tomahawks (quivered)
Press: ? - help, Shift-Dir - straight line, f/p - hobgoblin
Aim: a hobgoblin, wielding a +0 club (almost dead)
You throw a tomahawk.
The tomahawk hits the hobgoblin but does no damage.
The hobgoblin is almost dead.
The hobgoblin hits you with a +0 club.
Ouch! That really hurt!
Throwing (i - inventory)
d - 2 tomahawks (quivered)
Press: ? - help, Shift-Dir - straight line, f/p - hobgoblin
Aim: a hobgoblin, wielding a +0 club (almost dead)
You throw a tomahawk.
The tomahawk closely misses the hobgoblin.
The tomahawk closely misses the bat.
The hobgoblin hits you with a +0 club.
You die...

.# #.# # #.#
#.### #.# ....
..# ... #.#
#.######.##
#.###(...bg@..#
#........###<.#
#####.##.# #..#
# #.# #..# #.#
#..# #.# #..#
... .... ###
.... .#...


You could see a hobgoblin and a bat.

Vanquished Creatures
  An ooze (D:1)
  A giant cockroach (D:1)
2 creatures vanquished.

Notes
Turn   | Place    | Note
-------+----------+-------------------------------------------
     0 | D:1      | Duffy the Demonspawn Fire Elementalist began the quest for
                  | the Orb.
     0 | D:1      | Reached XP level 1. HP: 13/13 MP: 3/3
   280 | D:2      | Slain by a hobgoblin

Vault maps used:
D:1:      dpeg_arrival_simpleton_c, minmay_pentomino_w2
D:2:      lemuel_crystal_altar, makhleb_blood_cavern_becter, uniq_natasha,
          uniq_robin

Action                   || total
-------------------------++-------
Melee: Unarmed           ||     5
Throw: Tomahawk          ||     7
 Cast: Flame Tongue      ||     6
Armor: Robe              ||     4
Dodge: Dodged            ||    11

Table legend:
 A = Non-vault XP
 B = Vault XP
 C = Vault XP percentage of total XP
 D = Non-vault monster count
 E = Vault monster count
 F = Vault count percentage of total count
                 A         B        C        D         E       F
            +---------+---------+-------+---------+---------+-------
      Total |       9 |       0 |   0.0 |       2 |       0 |   0.0
            +---------+---------+-------+---------+---------+-------
        D:1 |       9 |       0 |   0.0 |       2 |       0 |   0.0
            +---------+---------+-------+---------+---------+-------
